 Dungeon Crawl Stone Soup version 0.30-a0-2-gf48d83f5e2 (webtiles) character file.

Game seed: 1572812132432817499

655 siradein the Cutter (level 7, -1/56 HPs)
             Began as a Vampire Fighter on Aug 20, 2022.
             Slain by Duvessa
             ... wielding a +0 short sword
              (6 damage)
             ... on level 4 of the Dungeon.
             The game lasted 00:11:58 (3704 turns).

siradein the Cutter (Vampire Fighter)               Turns: 3704, Time: 00:11:58

Health: -1/56      AC:  5    Str: 15    XL:     7   Next: 29%
Magic:  7/7        EV: 10    Int: 13    God:
Gold:   231        SH:  5    Dex: 13    Spells: 6/6 levels left

rFire   . . .      SeeInvis +    a - +0 rapier
rCold   . . .      Faith    .    c - +0 buckler
rNeg    . . .      Spirit   .    x - +1 leather armour {Will+}
rPois   .          Reflect  .    (no helmet)
rElec   .          Harm     .    (no cloak)
rCorr   .          Rampage  .    w - +0 pair of gloves
Will    +....                    (no boots)
Stlth   +.........               (no amulet)
HPRegen 0.38/turn                g - +4 ring of protection
MPRegen 0.10/turn                (no ring)

@: corroded, healing quickly
A: alive, fangs 3, see invisible, vampiric 2
a: Exsanguinate


You were on level 4 of the Dungeon.
You visited 1 branch of the dungeon, and saw 4 of its levels.

You collected 231 gold pieces.

Inventory:

Hand Weapons
 a - a +0 rapier (weapon)
Missiles
 h - 3 poisoned darts (quivered)
Armour
 c - a +0 buckler (worn)
 w - a +0 pair of gloves (worn)
 x - a +1 leather armour of willpower (worn)
Jewellery
 g - a +4 ring of protection (left hand)
Wands
 u - a wand of mindburst (15)
Scrolls
 e - a scroll of brand weapon {unknown}
 i - 2 scrolls of immolation
 j - a scroll of teleportation {unknown}
 l - a scroll of magic mapping {unknown}
 p - 2 scrolls of identify {unknown}
 r - a scroll of enchant armour {unknown}
 s - a scroll of butterflies {unknown}
 v - a scroll of vulnerability {unknown}
 y - a scroll of blinking {unknown}
 z - a scroll of silence {unknown}
Potions
 d - a potion of might
 f - 2 potions of curing {unknown}
 k - a potion of cancellation {unknown}
 m - 3 potions of haste {unknown}
 n - a potion of flight {unknown}
 o - a potion of resistance {unknown}
 q - a potion of magic {unknown}
 t - a potion of berserk rage {unknown}
 A - a potion of ambrosia {unknown}


   Skills:
 - Level 5.0 Fighting
 + Level 6.5 Short Blades
 - Level 2.4 Armour
 - Level 4.0 Shields


You had 6 spell levels left.
You didn't know any spells.
Your spell library contained the following spells:

 Spells                   Type           Power      Damage    Failure   Level
 Blink                    Tloc           0%         N/A       58%         2
 Lesser Beckoning         Tloc           0%         N/A       83%         3
 Manifold Assault         Tloc           0%         N/A       100%        5


Dungeon Overview and Level Annotations

Branches:
Dungeon (4/15)
 Temple: D:4-7

Altars:
Dithmenos
Trog

Annotations:
D:4 Dowan, Duvessa


Innate Abilities, Weirdness & Mutations

Your natural rate of healing is accelerated.
You have razor-sharp teeth.
You have supernaturally acute eyesight. (SInv)
You are afflicted with vampirism and can become a bat while bloodless.


Message History

Duvessa shouts!
You block Dowan's attack.
A jelly comes into view.
Dowan barely misses you. Duvessa hits you with a +0 short sword.
Duvessa attacks as you move away! Duvessa closely misses you.
A ball python comes into view.
The ball python hisses angrily.
You puncture the jelly! The acid corrodes you!
Your hands burn!
You bite the jelly.
The jelly is heavily wounded.
Dowan hits you with a +0 dagger. The jelly hits you.
You are splashed with acid!
You hit the jelly.
Your hands burn!
The jelly is severely wounded.
Dowan barely misses you. The jelly hits you but does no damage.
You hit the jelly but do no damage.
Your hands burn!
The jelly is severely wounded.
Dowan smirks and points a slender finger.
You block Dowan's attack. The jelly hits you but does no damage.
You hit the jelly but do no damage.
Your hands burn!
The jelly is severely wounded.
Dowan points at you and mumbles some strange words.
The puff of frost hits you. The jelly hits you. The acid corrodes you!
You are splashed with acid!
You hit the jelly.
Your hands burn!
* * * LOW HITPOINT WARNING * * *
The jelly is almost dead.
Dowan casts a spell at Duvessa.
Duvessa seems to speed up.
The jelly closely misses you.
Unknown command.
As you read the scroll labelled ZEMPEOWE TIHA, it crumbles to dust.
Wisps of shadow whirl around you...
The shadows disperse without effect.
It was a scroll of summoning.
The jelly barely misses you.
You hit the jelly.
You kill the jelly!
Duvessa hits you with a +0 short sword!
* * * LOW HITPOINT WARNING * * *
You closely miss the ball python. You block the ball python's attack.
The ball python barely misses you. Duvessa hits you with a +0 short sword.
You die...

.###### .# .# .# #.# .#
#.# .# #.# .# #.# ## #.#
# #.#########.# #
#.....S@ee..# #
###########.#### #
##################....# #
#...................#.#
###.########............#
##...# #................#
...#.# #.##.).♣♣♣♣♣♣♣...#
##...# #.##...♣♣♣♣♣♣♣...#
##### #.##........♣♣..)#


You could see Duvessa (fast), Dowan and a ball python.

Vanquished Creatures
  A black bear (D:4)
  A sky beast (D:4)
  Blork the orc (D:4)
  A scorpion (D:4)
  An orc priest (D:4)
  2 jellies (D:4)
  An orc wizard (D:4)
  8 adders
  8 gnolls
  7 worms
  2 dart slugs
  11 orcs
  10 endoplasms
  2 giant cockroaches
  4 hobgoblins
  2 jackals (D:3)
  6 quokkas
  8 ball pythons
  3 bats (D:1)
  A frilled lizard (D:1)
  11 goblins
  4 kobolds
  8 rats
103 creatures vanquished.

Vanquished Creatures (others)
  6 plants (D:4)
6 creatures vanquished.

Grand Total: 109 creatures vanquished

Notes
Turn   | Place    | Note
-------+----------+-------------------------------------------
     0 | D:1      | siradein the Vampire Fighter began the quest for the Orb.
     0 | D:1      | Reached XP level 1. HP: 17/17 MP: 1/1
   223 | D:1      | Reached XP level 2. HP: 14/23 MP: 2/2
   953 | D:2      | Gained mutation: You are afflicted with vampirism and can
                  | become a bat while bloodless. [Vampire growth]
   953 | D:2      | Reached XP level 3. HP: 29/29 MP: 3/3
  1017 | D:2      | Reached skill level 3 in Short Blades
  1132 | D:2      | Reached XP level 4. HP: 33/35 MP: 4/4
  1233 | D:2      | Found a faded altar of an unknown god.
  1836 | D:2      | Reached XP level 5. HP: 38/42 MP: 5/5
  2295 | D:3      | Noticed a moth of wrath
  2298 | D:3      | Found a bloodstained altar of Trog.
  2441 | D:3      | Reached skill level 4 in Short Blades
  2900 | D:4      | Noticed a black bear
  2921 | D:4      | Killed a black bear
  2922 | D:4      | Reached XP level 6. HP: 23/49 MP: 6/6
  3156 | D:4      | Reached skill level 5 in Short Blades
  3369 | D:4      | Reached skill level 5 in Fighting
  3510 | D:4      | Noticed a sky beast
  3530 | D:4      | Noticed Blork the orc
  3533 | D:4      | Killed a sky beast
  3534 | D:4      | Reached XP level 7. HP: 42/56 MP: 7/7
  3534 | D:4      | Found a shadowy altar of Dithmenos.
  3552 | D:4      | Killed Blork the orc
  3553 | D:4      | Reached skill level 6 in Short Blades
  3688 | D:4      | Noticed Dowan
  3690 | D:4      | Noticed Duvessa
  3704 | D:4      | Slain by Duvessa

Illustrated notes

Levels and vault maps discovered:
D:1:      dpeg_arrival_tiny_k, layout_loops_ring, nicolae_wormholes
D:2:      layout_loops_ring, chequers_ecumenical_altar_island,
          grunt_decor_arrowhead
D:3:      layout_rooms, tgw_trog
D:4:      layout_loops_ring, kennysheep_mini_moat, mainiacjoe_overflow_chevrons,
          nicolae_gozag_cash_rules_everything_around_me, lightli_temple_of_fire,
          hangedman_feature_mirror, uniq_blork_the_orc, uniq_duvessa,
          uniq_sigmund

Skill      XL: |  1  2  3  4  5  6  7 |
---------------+----------------------+-----
Fighting       | 3 4 5 |  5.0
Shields        | 3 4 |  4.0
Short Blades   | 3 4 5 6 |  6.5
Armour         | |  2.4

Action                   |  1- 3 |  4- 6 |  7- 9 || total
-------------------------+-------+-------+-------++-------
Melee: Rapier            |   131 |   312 |    33 ||   476
       Bite              |    12 |    38 |     3 ||    53
Throw: Dart              |       |     4 |       ||     4
  Use: Scroll            |       |     1 |     1 ||     2
Armor: Scale mail        |    16 |    66 |       ||    82
       Plate armour      |    74 |    11 |       ||    85
       Leather armour    |       |    59 |     7 ||    66
Dodge: Dodged            |    36 |    94 |     8 ||   138
Block: Buckler           |    32 |    79 |     8 ||   119

Table legend: (Time is in decaauts)
 A = Elapsed time spent in this place.
 B = Non-inter-level travel time spent in this place.
 C = Inter-level travel time spent in this place.
 D = Time resting spent in this place.
 E = Time spent auto-exploring this place.
 F = Levels seen in this place.
 G = Mean time per level.
                   A        B        C        D        E       F      G
               +--------+--------+--------+--------+--------+-----+--------+
         Total |   3737 |   3644 |     93 |    261 |   2332 |   4 |  934.2 |
       Dungeon |   3737 |   3644 |     93 |    261 |   2332 |   4 |  934.2 |
               +--------+--------+--------+--------+--------+-----+--------+

Top non-repeatable levels by time:
     D:2: 1125 daAuts
     D:1: 1122 daAuts
     D:3: 755 daAuts
     D:4: 733 daAuts
